[Event "EYCC Open-U14 2019"]
[Site "Bratislava"]
[Date "2019.08.02"]
[Round "1.1"]
[White "Kostolansky, Sebastian Lukas"]
[Black "Silva, Pedro Gil Ferreira D"]
[Result "1-0"]
[ECO "B12"]
[WhiteElo "2406"]
[BlackElo "2049"]
[Annotator "NA"]
[PlyCount "59"]
[EventDate "2019.08.02"]
[EventType "swiss"]
[EventCountry "SVK"]
[SourceTitle "playchess.com"]
[Source "ChessBase"]
[SourceQuality "1"]
[TimeControl "40/5400+30:1800+30"]

1. e4 c6 2. d4 d5 3. e5 c5 4. dxc5 e6 5. Nf3 Bxc5 6. Bd3 Nc6 7. O-O Nge7 8. a3 Ng6 9. b4 Bb6 10. Re1 a5 11. b5 Ncxe5 12. Nxe5 Nxe5 13. Rxe5 Bd4 14. Rg5 Bxa1 15. c3 Qf6 16. Qe2 O-O 17. Rg3 h6 18. Qa2 e5 19. Qxa1 Be6 20. Nd2 Rac8 21. Bb2 Qe7 22. a4 Rfd8 23. Nf3 f6 24. Nh4 Qd7 25. Qc1 e4 26. Bf1 Kf7 27. Qd1 Ke8 28. Be2 Rc7 29. b6 Rc6 30. Bb5 1-0

[Event "EYCC Open-U14 2019"]
[Site "Bratislava"]
[Date "2019.08.02"]
[Round "1.2"]
[White "Schouten, Mathias Lind"]
[Black "Borhy, Marcell"]
[Result "0-1"]
[ECO "B01"]
[WhiteElo "1961"]
[BlackElo "2382"]
[Annotator "NA"]
[PlyCount "96"]
[EventDate "2019.08.02"]
[EventType "swiss"]
[EventCountry "SVK"]
[SourceTitle "playchess.com"]
[Source "ChessBase"]
[SourceQuality "1"]
[TimeControl "40/5400+30:1800+30"]

1. e4 d5 2. exd5 Nf6 3. Nc3 Nxd5 4. Nxd5 Qxd5 5. d4 Nc6 6. Nf3 Bg4 7. Be2 O-O-O 8. c3 e5 9. dxe5 Qe4 10. Bd2 Bxf3 11. gxf3 Qxe5 12. Qa4 Bc5 13. Qf4 Rhe8 14. Qxe5 Nxe5 15. O-O-O Nd3+ 16. Bxd3 Rxd3 17. Be3 Bxe3+ 18. fxe3 Rdxe3 19. Rhf1 Re2 20. Rd2 Re1+ 21. Rd1 Rxf1 22. Rxf1 Re2 23. h4 Rh2 24. Rg1 g6 25. Rg4 f5 26. Rd4 Rh3 27. Rf4 Kd7 28. Kc2 Ke6 29. Kd3 Rh2 30. Ra4 Rxb2 31. Rxa7 Ke5 32. Ke3 Kd5 33. Ra4 c5 34. Kd3 Rf2 35. Ke3 Rh2 36. Kd3 b5 37. Ra5 Rh3 38. Ke3 Kc4 39. Kf2 Rxh4 40. a4 Rh2+ 41. Kg3 Ra2 42. Rxb5 Rxa4 43. Rb7 Kxc3 44. Rxh7 Kb3 45. Rg7 c4 46. Rxg6 c3 47. Rb6+ Rb4 48. Rc6 c2 0-1

[Event "EYCC Open-U14 2019"]
[Site "Bratislava"]
[Date "2019.08.02"]
[Round "1.3"]
[White "Can, Isik"]
[Black "Hulka, Valentyn"]
[Result "1-0"]
[ECO "B41"]
[WhiteElo "2374"]
[BlackElo "1788"]
[Annotator "NA"]
[PlyCount "59"]
[EventDate "2019.08.02"]
[EventType "swiss"]
[EventCountry "SVK"]
[SourceTitle "playchess.com"]
[Source "ChessBase"]
[SourceQuality "1"]
[TimeControl "40/5400+30:1800+30"]

1. e4 c5 2. Nf3 e6 3. d4 cxd4 4. Nxd4 a6 5. c4 Qc7 6. Nc3 Nf6 7. Be2 Bb4 8. Nc2 Be7 9. Be3 d6 10. g4 b6 11. g5 Nfd7 12. h4 Bb7 13. h5 Nc5 14. h6 g6 15. b4 Ncd7 16. Rc1 Nc6 17. f4 Rc8 18. O-O Rg8 19. Bg4 a5 20. a3 Nd8 21. Nb5 Qb8 22. Qd3 f5 23. exf5 gxf5 24. Bh5+ Kf8 25. Bd4 Bf6 26. Nxd6 Bxd4+ 27. Qxd4 Nc6 28. Qd2 Rd8 29. Nxb7 Qxb7 30. Qd6+ 1-0

[Event "EYCC Open-U14 2019"]
[Site "Bratislava"]
[Date "2019.08.02"]
[Round "1.4"]
[White "Kalosha, Zhiulien Oleksii"]
[Black "Oglaza, Oskar"]
[Result "1-0"]
[ECO "B90"]
[WhiteElo "1936"]
[BlackElo "2345"]
[Annotator "NA"]
[PlyCount "123"]
[EventDate "2019.08.02"]
[EventType "swiss"]
[EventCountry "SVK"]
[SourceTitle "playchess.com"]
[Source "ChessBase"]
[SourceQuality "1"]
[TimeControl "40/5400+30:1800+30"]

1. e4 c5 2. Nf3 d6 3. d4 cxd4 4. Nxd4 Nf6 5. Nc3 a6 6. f3 e6 7. Be3 b5 8. Bd3 Bb7 9. a3 Nbd7 10. O-O Be7 11. Kh1 O-O 12. Qe1 Rc8 13. Qg3 Nc5 14. Rae1 Nfd7 15. Rd1 Qc7 16. f4 Nf6 17. Qh3 Ncxe4 18. Nxe4 Nxe4 19. Nxe6 Qd7 20. Ng5 Qxh3 21. Nxh3 Bf6 22. c3 Rfe8 23. Rfe1 Nc5 24. Bf5 Rcd8 25. Bc2 a5 26. Nf2 Bc6 27. Ng4 Bh4 28. Bf2 Bxf2 29. Nxf2 d5 30. Kg1 h5 31. Nd3 Ne4 32. Ne5 Bb7 33. Nf3 Nd6 34. Bb3 Nc4 35. Bxc4 dxc4 36. Rxe8+ Rxe8 37. Nd4 Rb8 38. Re1 b4 39. axb4 axb4 40. cxb4 Rd8 41. Rd1 Be4 42. Kf2 Bc2 43. Rd2 Bd3 44. Nc6 Rd6 45. b5 f5 46. Ne5 Rd4 47. b6 Rd5 48. b7 Rb5 49. Nxc4 Bxc4 50. Rd8+ Kf7 51. b8=Q Rxb8 52. Rxb8 h4 53. Rb7+ Kg6 54. b4 Kh6 55. b5 g6 56. b6 Bd5 57. Rd7 Be4 58. b7 Bxb7 59. Rxb7 Kh5 60. Rh7+ Kg4 61. Ke3 g5 62. fxg5 1-0

[Event "EYCC Open-U14 2019"]
[Site "Bratislava"]
[Date "2019.08.02"]
[Round "1.5"]
[White "Popov, Konstantin"]
[Black "Papidakis, Georgios"]
[Result "1-0"]
[ECO "C60"]
[WhiteElo "2367"]
[BlackElo "1888"]
[Annotator "NA"]
[PlyCount "59"]
[EventDate "2019.08.02"]
[EventType "swiss"]
[EventCountry "SVK"]
[SourceTitle "playchess.com"]
[Source "ChessBase"]
[SourceQuality "1"]
[TimeControl "40/5400+30:1800+30"]

1. e4 e5 2. Nf3 Nc6 3. Bb5 g6 4. d4 exd4 5. c3 a6 6. Ba4 Bg7 7. cxd4 b5 8. Bc2 Nge7 9. d5 Na5 10. Bd2 c5 11. Bc3 Bxc3+ 12. Nxc3 d6 13. b4 cxb4 14. Qd4 O-O 15. Qxb4 Nc4 16. a4 Bd7 17. axb5 axb5 18. O-O Qb6 19. Bd3 Rxa1 20. Rxa1 Rc8 21. e5 Nf5 22. e6 fxe6 23. Ne4 Kf8 24. Nf6 Qb7 25. g4 Ne7 26. Bxc4 Rxc4 27. Qxd6 Bc8 28. Qd8+ Kf7 29. g5 Nxd5 30. Ne5+ 1-0

[Event "EYCC Open-U14 2019"]
[Site "Bratislava"]
[Date "2019.08.02"]
[Round "1.6"]
[White "Antal, Hunor-Zoltan"]
[Black "Tsvetkov, Andrey"]
[Result "0-1"]
[ECO "D43"]
[WhiteElo "1980"]
[BlackElo "2324"]
[Annotator "NA"]
[PlyCount "136"]
[EventDate "2019.08.02"]
[EventType "swiss"]
[EventCountry "SVK"]
[SourceTitle "playchess.com"]
[Source "ChessBase"]
[SourceQuality "1"]
[TimeControl "40/5400+30:1800+30"]

1. d4 d5 2. c4 e6 3. Nf3 Nf6 4. Nc3 c6 5. cxd5 exd5 6. Bf4 Bf5 7. e3 Be7 8. Bd3 Bxd3 9. Qxd3 O-O 10. O-O Nbd7 11. Rfc1 Re8 12. Rab1 a5 13. h3 Bf8 14. Nd2 h6 15. a3 Rc8 16. b4 axb4 17. axb4 b5 18. e4 dxe4 19. Ndxe4 Nxe4 20. Nxe4 Nb6 21. Nc5 Nd5 22. Bd2 Qh4 23. Rc2 Nb6 24. Rbc1 Rcd8 25. Nb3 Nc4 26. Qf3 Rd5 27. Bc3 Re6 28. Nd2 Nxd2 29. Rxd2 Bd6 30. Ra2 Qe7 31. Ra8+ Kh7 32. Qd3+ g6 33. Qf3 Kg7 34. Rb1 Qh4 35. Qg4 Qf6 36. h4 h5 37. Qh3 Re2 38. Rf1 Kh7 39. Qc8 Rc2 40. Qg8+ Kh6 41. Be1 Rxd4 42. g3 Re4 43. Ra1 Ree2 44. Kg2 Qe5 45. Ra3 Qe8 46. Qxe8 Rxe8 47. Rd3 Bf8 48. Rc3 Ree2 49. Rf3 f5 50. Bc3 Re4 51. Rb1 Rc4 52. Rb3 Kh7 53. Rd3 Kg8 54. Ra3 Kf7 55. Ra7+ Ke6 56. Rd8 Bxb4 57. Re8+ Kd5 58. Rd7+ Kc5 59. Bg7 Re4 60. Rc8 Re6 61. Rdc7 Kd5 62. Rd7+ Rd6 63. Rdc7 Bc5 64. Bf8 Rxf2+ 65. Kh3 Rc2 66. Bxd6 Bg1 67. g4 hxg4+ 68. Kg3 Bh2# 0-1

[Event "EYCC Open-U14 2019"]
[Site "Bratislava"]
[Date "2019.08.02"]
[Round "1.7"]
[White "Morgunov, Marc"]
[Black "Talibov, Shiroghlan"]
[Result "1-0"]
[ECO "B04"]
[WhiteElo "2314"]
[BlackElo "1882"]
[Annotator "NA"]
[PlyCount "69"]
[EventDate "2019.08.02"]
[EventType "swiss"]
[EventCountry "SVK"]
[SourceTitle "playchess.com"]
[Source "ChessBase"]
[SourceQuality "1"]
[TimeControl "40/5400+30:1800+30"]

1. e4 Nf6 2. e5 Nd5 3. d4 d6 4. Nf3 Nb6 5. Be2 g6 6. O-O Bg7 7. exd6 cxd6 8. c3 O-O 9. Re1 Bf5 10. a4 a5 11. Bf4 Na6 12. Na3 Nc7 13. Qb3 Ncd5 14. Bg3 Rc8 15. Nb5 Be6 16. Ng5 Bd7 17. Bf3 Bc6 18. Ne4 Qd7 19. Nd2 Kh8 20. c4 Nb4 21. Be2 Qf5 22. Rec1 h5 23. d5 Bd7 24. Nf3 Rc5 25. Bf1 Rfc8 26. Nbd4 Bxd4 27. Nxd4 Qf6 28. Nf3 g5 29. h4 g4 30. Ng5 N6xd5 31. Ne4 Qh6 32. Nxc5 Rxc5 33. Re1 e5 34. cxd5 Nc2 35. Qxb7 1-0

[Event "EYCC Open-U14 2019"]
[Site "Bratislava"]
[Date "2019.08.02"]
[Round "1.8"]
[White "Dahl, Max"]
[Black "Krastev, Alexander"]
[Result "0-1"]
[ECO "A36"]
[WhiteElo "1981"]
[BlackElo "2325"]
[Annotator "NA"]
[PlyCount "92"]
[EventDate "2019.08.02"]
[EventType "swiss"]
[EventCountry "SVK"]
[SourceTitle "playchess.com"]
[Source "ChessBase"]
[SourceQuality "1"]
[TimeControl "40/5400+30:1800+30"]

1. c4 c5 2. Nc3 g6 3. g3 Bg7 4. Bg2 Nc6 5. e4 e6 6. Nge2 Nge7 7. O-O O-O 8. d3 d6 9. Be3 Nd4 10. f4 Rb8 11. Rb1 a6 12. a3 b5 13. b4 cxb4 14. axb4 Nec6 15. cxb5 axb5 16. Nxd4 Bxd4 17. Bxd4 Nxd4 18. Ne2 Qb6 19. Nxd4 Qxd4+ 20. Kh1 Bd7 21. Qd2 Rfc8 22. Rfc1 Rc4 23. Bf1 Rbc8 24. Qe1 Rxc1 25. Rxc1 Rxc1 26. Qxc1 Qxb4 27. Qc7 Be8 28. Qd8 Kf8 29. Qf6 Qe1 30. Kg1 Qe3+ 31. Kg2 b4 32. f5 gxf5 33. exf5 Qe5 34. Qh6+ Ke7 35. Qxh7 Bc6+ 36. Kf2 b3 37. Qh4+ Qf6 38. d4 Qxh4 39. gxh4 Be4 40. Bc4 b2 41. Ba2 Bxf5 42. Kg3 e5 43. dxe5 dxe5 44. h5 b1=Q 45. Bxb1 Bxb1 46. Kh4 Kf6 0-1

[Event "EYCC Open-U14 2019"]
[Site "Bratislava"]
[Date "2019.08.02"]
[Round "1.9"]
[White "Musyuk, Lior"]
[Black "Farkas, Otto Jr."]
[Result "1-0"]
[ECO "B40"]
[WhiteElo "2236"]
[BlackElo "1913"]
[Annotator "NA"]
[PlyCount "80"]
[EventDate "2019.08.02"]
[EventType "swiss"]
[EventCountry "SVK"]
[SourceTitle "playchess.com"]
[Source "ChessBase"]
[SourceQuality "1"]
[TimeControl "40/5400+30:1800+30"]

1. e4 c5 2. Nf3 e6 3. d4 cxd4 4. Nxd4 Nf6 5. Nc3 Nc6 6. g3 Bb4 7. Bg2 d5 8. exd5 Nxd5 9. O-O Nxc3 10. bxc3 Bxc3 11. Nxc6 Qxd1 12. Rxd1 Bd7 13. Rb1 Bxc6 14. Bxc6+ bxc6 15. Ba3 a5 16. Rd3 Bb4 17. Bxb4 axb4 18. Rxb4 O-O 19. a4 g6 20. Rd7 Rfd8 21. Rc7 Rdc8 22. Re7 Rab8 23. Rf4 Rf8 24. Rc7 Rb6 25. Ra7 e5 26. Rf6 Kg7 27. Re6 Ra8 28. Rc7 Rc8 29. Rxg6+ hxg6 30. Rxc8 Ra6 31. Kf1 Kf6 32. Rc7 Ke6 33. Ke2 f6 34. h4 g5 35. h5 Kd6 36. Rc8 Rxa4 37. h6 Ra7 38. Rh8 Ke6 39. g4 f5 40. h7 Kd5 1-0

[Event "EYCC Open-U14 2019"]
[Site "Bratislava"]
[Date "2019.08.02"]
[Round "1.10"]
[White "Cuttoli, Alexandre"]
[Black "Stukan, Martin"]
[Result "0-1"]
[ECO "E09"]
[WhiteElo "1848"]
[BlackElo "2303"]
[Annotator "NA"]
[PlyCount "58"]
[EventDate "2019.08.02"]
[EventType "swiss"]
[EventCountry "SVK"]
[SourceTitle "playchess.com"]
[Source "ChessBase"]
[SourceQuality "1"]
[TimeControl "40/5400+30:1800+30"]

1. d4 Nf6 2. Nf3 d5 3. c4 e6 4. g3 Be7 5. Bg2 O-O 6. O-O Nbd7 7. Nbd2 c6 8. Qc2 b6 9. Rd1 Bb7 10. e4 dxc4 11. Nxc4 c5 12. e5 Nd5 13. Nd6 Bxd6 14. Ng5 g6 15. exd6 Rc8 16. Qe2 N7f6 17. dxc5 Rxc5 18. Be3 Nxe3 19. Qxe3 Bxg2 20. Nxe6 fxe6 21. Qxe6+ Kg7 22. Kxg2 Rf7 23. b4 Rc2 24. Qe5 Qa8+ 25. Kg1 Qf3 26. Qd4 Rd7 27. Rf1 Rc6 28. Rae1 Rcxd6 29. Re7+ Rxe7 0-1

[Event "EYCC Open-U14 2019"]
[Site "Bratislava"]
[Date "2019.08.02"]
[Round "1.11"]
[White "Makoveev, Ilya"]
[Black "Nareks, Matic"]
[Result "1/2-1/2"]
[ECO "A41"]
[WhiteElo "2288"]
[BlackElo "1937"]
[Annotator "NA"]
[PlyCount "46"]
[EventDate "2019.08.02"]
[EventType "swiss"]
[EventCountry "SVK"]
[SourceTitle "playchess.com"]
[Source "ChessBase"]
[SourceQuality "1"]
[TimeControl "40/5400+30:1800+30"]

1. d4 d6 2. e4 g6 3. c4 e5 4. d5 Nh6 5. Bd3 Bg7 6. h4 Qe7 7. Nc3 Na6 8. Bc2 Bd7 9. Qe2 Qf8 10. Bd2 f5 11. O-O-O f4 12. a3 c5 13. dxc6 bxc6 14. Nf3 Qe7 15. b4 Nc7 16. Qd3 Rb8 17. Be1 Nf7 18. Ng5 Nxg5 19. hxg5 Bf8 20. f3 a5 21. Na4 axb4 22. axb4 Ne6 23. Bf2 Qd8 1/2-1/2

[Event "EYCC Open-U14 2019"]
[Site "Bratislava"]
[Date "2019.08.02"]
[Round "1.12"]
[White "Chlpek, Daniel"]
[Black "Stalmach, Richard"]
[Result "0-1"]
[ECO "B40"]
[WhiteElo "1912"]
[BlackElo "2381"]
[Annotator "NA"]
[PlyCount "116"]
[EventDate "2019.08.02"]
[EventType "swiss"]
[EventCountry "SVK"]
[SourceTitle "playchess.com"]
[Source "ChessBase"]
[SourceQuality "1"]
[TimeControl "40/5400+30:1800+30"]

1. e4 c5 2. Nf3 e6 3. d4 cxd4 4. Nxd4 Nf6 5. Nc3 Nc6 6. Nxc6 bxc6 7. Bd3 d5 8. O-O Be7 9. exd5 cxd5 10. Bf4 O-O 11. Qe2 Qb6 12. Rab1 Bb7 13. Rfd1 Rac8 14. Be3 Qa5 15. Bd2 Qd8 16. Nb5 Nd7 17. c3 e5 18. Re1 a6 19. Na3 Rc6 20. Bf5 Rf6 21. Bxd7 Qxd7 22. Bg5 Re6 23. Bxe7 Qxe7 24. Nc2 Qg5 25. f3 d4 26. cxd4 exd4 27. Qf2 d3 28. Nd4 Rxe1+ 29. Rxe1 Rc8 30. Nb3 h6 31. Qe3 Qxe3+ 32. Rxe3 Rc1+ 33. Kf2 Rc2+ 34. Kg3 Rxb2 35. Rxd3 Rxa2 36. Nc5 Bc6 37. Rd8+ Kh7 38. Nd7 Bxd7 39. Rxd7 Kg6 40. Ra7 h5 41. Kh3 Kf6 42. Ra8 g6 43. Ra7 Ke6 44. Kg3 a5 45. Ra6+ Ke5 46. Ra7 f5 47. Re7+ Kd4 48. Rg7 f4+ 49. Kh3 a4 50. Rxg6 a3 51. Ra6 Kc4 52. Ra8 Kb3 53. Rb8+ Kc3 54. Ra8 Kb3 55. Rb8+ Kc2 56. Kh4 Rb2 57. Ra8 a2 58. Kxh5 Kb1 0-1

[Event "EYCC Open-U14 2019"]
[Site "Bratislava"]
[Date "2019.08.02"]
[Round "1.13"]
[White "Vojta, Jakub"]
[Black "Tabuenca Mendataurigoitia, Pedro"]
[Result "1-0"]
[ECO "C11"]
[WhiteElo "2238"]
[BlackElo "1839"]
[Annotator "NA"]
[PlyCount "115"]
[EventDate "2019.08.02"]
[EventType "swiss"]
[EventCountry "SVK"]
[SourceTitle "playchess.com"]
[Source "ChessBase"]
[SourceQuality "1"]
[TimeControl "40/5400+30:1800+30"]

1. e4 e6 2. d4 d5 3. Nc3 Nf6 4. Bg5 dxe4 5. Nxe4 Be7 6. Bxf6 gxf6 7. Nf3 f5 8. Ng3 c5 9. Bb5+ Bd7 10. Bxd7+ Qxd7 11. O-O cxd4 12. Qxd4 Qxd4 13. Nxd4 O-O 14. Rad1 Rd8 15. c3 Nd7 16. Rfe1 Bf6 17. Nh5 Bg7 18. Rd3 Ne5 19. Rg3 Ng6 20. Nf3 Rd6 21. h4 Bh8 22. Nf4 Kf8 23. Ne2 Ra6 24. h5 Ne7 25. Ng5 h6 26. Nh7+ Ke8 27. Nd4 Rd8 28. Rge3 e5 29. Nf3 f6 30. Nxf6+ Bxf6 31. Nxe5 Kf8 32. a3 Bxe5 33. Rxe5 Rd7 34. Kh2 Kf7 35. Kg3 Rb6 36. R1e2 Rc6 37. f3 Kf6 38. c4 f4+ 39. Kg4 Ng8 40. b3 Rg7+ 41. Kxf4 Ne7 42. g4 Rf7 43. Kg3 Nc8 44. f4 Re7 45. g5+ hxg5 46. fxg5+ Kf7 47. Kf4 Rxe5 48. Rxe5 Ne7 49. Ke4 Rb6 50. b4 Ra6 51. Rb5 b6 52. c5 Rxa3 53. cxb6 axb6 54. Rxb6 Rh3 55. h6 Rh4+ 56. Kf3 Nd5 57. g6+ Ke7 58. g7 1-0

[Event "EYCC Open-U14 2019"]
[Site "Bratislava"]
[Date "2019.08.02"]
[Round "1.14"]
[White "Vanduyfhuys, Igor"]
[Black "Fernandez Lopez, Ruben"]
[Result "0-1"]
[ECO "B92"]
[WhiteElo "1804"]
[BlackElo "2207"]
[Annotator "NA"]
[PlyCount "90"]
[EventDate "2019.08.02"]
[EventType "swiss"]
[EventCountry "SVK"]
[SourceTitle "playchess.com"]
[Source "ChessBase"]
[SourceQuality "1"]
[TimeControl "40/5400+30:1800+30"]

1. e4 c5 2. Nf3 d6 3. d4 cxd4 4. Nxd4 Nf6 5. Nc3 a6 6. Be2 e5 7. Nb3 Be6 8. O-O Be7 9. f4 O-O 10. Kh1 b5 11. Bf3 b4 12. Nd5 Bxd5 13. exd5 e4 14. Be2 Qc7 15. Be3 Nbd7 16. a3 a5 17. axb4 axb4 18. Qd2 Nc5 19. Rfd1 Nxb3 20. cxb3 Qb7 21. Qd4 Qxd5 22. Qxd5 Nxd5 23. Rxa8 Nxe3 24. Rxf8+ Bxf8 25. Re1 d5 26. g4 d4 27. Kg1 d3 28. Kf2 Bc5 29. Rc1 Nc2+ 30. Kf1 dxe2+ 31. Kxe2 Nd4+ 32. Kd1 Nxb3 33. Rc4 e3 34. Re4 Kf8 35. Kc2 Nd4+ 36. Kd3 e2 37. Kd2 b3 38. Kc3 f5 39. gxf5 e1=Q+ 40. Rxe1 Bb4+ 41. Kxb4 Nc2+ 42. Kxb3 Nxe1 43. Kc4 Nc2 44. Kc5 Ke7 45. Kd5 Kf6 0-1

[Event "EYCC Open-U14 2019"]
[Site "Bratislava"]
[Date "2019.08.02"]
[Round "1.15"]
[White "Antonica, Dragos-Andrei"]
[Black "Protassov, Vlad"]
[Result "1/2-1/2"]
[ECO "D37"]
[WhiteElo "2124"]
[BlackElo "1898"]
[Annotator "NA"]
[PlyCount "66"]
[EventDate "2019.08.02"]
[EventType "swiss"]
[EventCountry "SVK"]
[SourceTitle "playchess.com"]
[Source "ChessBase"]
[SourceQuality "1"]
[TimeControl "40/5400+30:1800+30"]

1. d4 Nf6 2. c4 e6 3. Nf3 d5 4. Nc3 Be7 5. g3 O-O 6. Bg2 c6 7. O-O Nbd7 8. Nd2 b6 9. e4 dxe4 10. Ndxe4 Bb7 11. Bf4 Nxe4 12. Nxe4 Nf6 13. Qe2 Qd7 14. Rad1 Rfd8 15. Rfe1 Nxe4 16. Bxe4 Bf6 17. Be5 Bxe5 18. dxe5 Qe7 19. Qc2 g6 20. Qa4 Qc5 21. Rxd8+ Rxd8 22. Qxa7 Rd2 23. Re3 Qxc4 24. Qxb7 Rd1+ 25. Kg2 Qf1+ 26. Kf3 Rd2 27. Qxb6 Qxf2+ 28. Kg4 Qxh2 29. Rf3 Qh5+ 30. Kf4 Qh6+ 31. Kg4 Qh5+ 32. Kf4 Qh6+ 33. Kg4 Qh5+ 1/2-1/2

[Event "EYCC Open-U14 2019"]
[Site "Bratislava"]
[Date "2019.08.02"]
[Round "1.16"]
[White "Briem, Benedikt"]
[Black "Razafindratsima, Timothe"]
[Result "0-1"]
[ECO "D85"]
[WhiteElo "1901"]
[BlackElo "2178"]
[Annotator "NA"]
[PlyCount "72"]
[EventDate "2019.08.02"]
[EventType "swiss"]
[EventCountry "SVK"]
[SourceTitle "playchess.com"]
[Source "ChessBase"]
[SourceQuality "1"]
[TimeControl "40/5400+30:1800+30"]

1. d4 Nf6 2. c4 g6 3. Nc3 d5 4. cxd5 Nxd5 5. Bd2 Bg7 6. e4 Nxc3 7. Bxc3 c5 8. d5 O-O 9. Bxg7 Kxg7 10. Qd2 Qd6 11. Nf3 e6 12. Bc4 exd5 13. Bxd5 Nc6 14. Rc1 f6 15. Qc3 b6 16. O-O Bg4 17. Bxc6 Qxc6 18. Nd2 Rad8 19. f3 Be6 20. b3 Qd6 21. Nc4 Qd4+ 22. Qxd4 Rxd4 23. Rfd1 Rfd8 24. Ne3 f5 25. Rxd4 Rxd4 26. exf5 gxf5 27. Rd1 f4 28. Rxd4 cxd4 29. Nf1 Kf6 30. Kf2 d3 31. Ke1 Ke5 32. Kd2 Kd4 33. g3 Bh3 34. Ke1 Bxf1 35. Kxf1 Kc3 36. Ke1 Kc2 0-1

[Event "EYCC Open-U14 2019"]
[Site "Bratislava"]
[Date "2019.08.02"]
[Round "1.17"]
[White "Tsaruk, Maksim"]
[Black "Grahn, Vidar"]
[Result "1-0"]
[ECO "B30"]
[WhiteElo "2230"]
[BlackElo "1980"]
[Annotator "NA"]
[PlyCount "53"]
[EventDate "2019.08.02"]
[EventType "swiss"]
[EventCountry "SVK"]
[SourceTitle "playchess.com"]
[Source "ChessBase"]
[SourceQuality "1"]
[TimeControl "40/5400+30:1800+30"]

1. e4 c5 2. Nf3 Nc6 3. c3 d5 4. exd5 Qxd5 5. d4 Bg4 6. dxc5 Qxd1+ 7. Kxd1 e5 8. b4 e4 9. h3 O-O-O+ 10. Kc2 Bxf3 11. gxf3 exf3 12. Nd2 Ne5 13. Nc4 Ng6 14. Bd3 Nf6 15. Re1 Nd5 16. Be4 Ndf4 17. Bxf4 Nxf4 18. Ne5 Ng2 19. Nxf7 Nxe1+ 20. Rxe1 Be7 21. Bxb7+ Kxb7 22. Rxe7+ Kc8 23. Nxh8 Rxh8 24. Rxa7 Kb8 25. Rf7 Re8 26. Rxf3 Re2+ 27. Kb3 1-0

[Event "EYCC Open-U14 2019"]
[Site "Bratislava"]
[Date "2019.08.02"]
[Round "1.18"]
[White "Kures, Michael"]
[Black "Kirillov, Dmitry"]
[Result "0-1"]
[ECO "B23"]
[WhiteElo "1898"]
[BlackElo "2244"]
[Annotator "NA"]
[PlyCount "94"]
[EventDate "2019.08.02"]
[EventType "swiss"]
[EventCountry "SVK"]
[SourceTitle "playchess.com"]
[Source "ChessBase"]
[SourceQuality "1"]
[TimeControl "40/5400+30:1800+30"]

1. e4 c5 2. Nc3 e6 3. f4 d5 4. Nf3 Nc6 5. Bb5 d4 6. Bxc6+ bxc6 7. Ne2 Nf6 8. d3 Ba6 9. b3 Be7 10. Bd2 O-O 11. h3 Nd7 12. O-O f5 13. e5 Nb6 14. g4 Qe8 15. Qe1 Nd5 16. gxf5 exf5 17. Qg3 Nc7 18. Kf2 Ne6 19. Rg1 Qd7 20. Rg2 Rab8 21. h4 Rf7 22. Ng5 Bxg5 23. hxg5 g6 24. Rh1 c4 25. dxc4 Nc5 26. Kg1 Ne4 27. Qd3 c5 28. Rh6 Bb7 29. Rgh2 Rd8 30. Ba5 Re8 31. c3 Qe7 32. cxd4 cxd4 33. Qxd4 Qa3 34. Be1 Bc6 35. Qe3 Rd8 36. Qh3 Rd1 37. Qh4 Qc5+ 38. Kg2 Nd2+ 39. Kh3 Nf3 40. Qf2 Qxf2 41. Rxf2 Rxe1 42. Nc3 Nxg5+ 43. fxg5 Re3+ 44. Kh2 Rxc3 45. Rd2 Re7 46. Rd6 Be8 47. Ra6 Re3 0-1

[Event "EYCC Open-U14 2019"]
[Site "Bratislava"]
[Date "2019.08.02"]
[Round "1.19"]
[White "Rozen, Eytan"]
[Black "Heldenbergh, Nils"]
[Result "1-0"]
[ECO "A13"]
[WhiteElo "2260"]
[BlackElo "1942"]
[Annotator "NA"]
[PlyCount "57"]
[EventDate "2019.08.02"]
[EventType "swiss"]
[EventCountry "SVK"]
[SourceTitle "playchess.com"]
[Source "ChessBase"]
[SourceQuality "1"]
[TimeControl "40/5400+30:1800+30"]

1. Nf3 Nf6 2. c4 e6 3. g3 d5 4. Bg2 dxc4 5. Qa4+ c6 6. Qxc4 b5 7. Qc2 Bb7 8. O-O a6 9. b3 Nbd7 10. Bb2 Rc8 11. Ne5 Nxe5 12. Bxe5 Bd6 13. d4 O-O 14. Nc3 Bxe5 15. dxe5 Ng4 16. Rfd1 Qb6 17. Ne4 Nxe5 18. Qc5 Qc7 19. Nd6 Nd7 20. Qa7 Rb8 21. Rac1 c5 22. Bxb7 Ra8 23. Qxa8 Rxa8 24. Bxa8 Nb6 25. Bb7 Nd5 26. Bxd5 exd5 27. Rxd5 c4 28. bxc4 g6 29. c5 1-0

[Event "EYCC Open-U14 2019"]
[Site "Bratislava"]
[Date "2019.08.02"]
[Round "1.20"]
[White "Soucek, Petr"]
[Black "Papadiamandis, Elliot"]
[Result "0-1"]
[ECO "A45"]
[WhiteElo "1725"]
[BlackElo "2202"]
[Annotator "NA"]
[PlyCount "78"]
[EventDate "2019.08.02"]
[EventType "swiss"]
[EventCountry "SVK"]
[SourceTitle "playchess.com"]
[Source "ChessBase"]
[SourceQuality "1"]
[TimeControl "40/5400+30:1800+30"]

1. d4 Nf6 2. Bg5 Ne4 3. Bf4 c5 4. f3 Qa5+ 5. c3 Nf6 6. d5 Qb6 7. Bc1 e6 8. e4 exd5 9. exd5 Bd6 10. Na3 O-O 11. Bc4 a6 12. Ne2 Qc7 13. Bb3 Re8 14. Nc4 b5 15. Nxd6 Qxd6 16. c4 Qe5 17. g3 Bb7 18. Bf4 Qxb2 19. Kf2 Nh5 20. Bd6 bxc4 21. Bxc4 Qb6 22. Rb1 Qxd6 23. Rxb7 Nf6 24. Nc3 Qe5 25. Qd3 d6 26. Na4 Nbd7 27. Rd1 Qh5 28. Kg2 Ne5 29. Qb3 Nxc4 30. Qxc4 Re3 31. g4 Qe5 32. Rd2 Re8 33. Nb6 Rxf3 34. Re2 Re3 35. Rxe3 Qxe3 36. h3 Qd2+ 37. Kg3 Qe1+ 38. Kf3 Re3+ 39. Kf4 Qf2+ 0-1

[Event "EYCC Open-U14 2019"]
[Site "Bratislava"]
[Date "2019.08.03"]
[Round "2.1"]
[White "Czernek, Tymon"]
[Black "Kostolansky, Sebastian Lukas"]
[Result "0-1"]
[ECO "B09"]
[WhiteElo "2003"]
[BlackElo "2406"]
[Annotator "NA"]
[PlyCount "72"]
[EventDate "2019.08.02"]
[EventType "swiss"]
[EventCountry "SVK"]
[SourceTitle "playchess.com"]
[Source "ChessBase"]
[SourceQuality "1"]
[TimeControl "40/5400+30:1800+30"]

1. e4 g6 2. d4 Bg7 3. Nc3 d6 4. f4 Nf6 5. Nf3 O-O 6. Bd3 Na6 7. O-O c5 8. e5 Nd7 9. Be3 cxd4 10. Bxd4 dxe5 11. fxe5 Nxe5 12. Bxe5 Bxe5 13. Nxe5 Qd4+ 14. Kh1 Qxe5 15. Qf3 Nc5 16. Rae1 Qg5 17. Bc4 Bf5 18. Re5 Rac8 19. Be2 Qh4 20. g3 Qf6 21. Qe3 Nd7 22. Rexf5 gxf5 23. Nd5 Qc6 24. Bf3 Kh8 25. Nxe7 Qc5 26. Qg5 f4 27. Nf5 Qe5 28. gxf4 Qxb2 29. Rd1 Rxc2 30. Qh6 Rc1 31. Qd6 Rxd1+ 32. Bxd1 Re8 33. Ne7 Nf6 34. Bb3 Qb1+ 35. Kg2 Qb2+ 36. Kh1 Ng8 0-1

[Event "EYCC Open-U14 2019"]
[Site "Bratislava"]
[Date "2019.08.03"]
[Round "2.2"]
[White "Borhy, Marcell"]
[Black "Chyzy, Jakub"]
[Result "1/2-1/2"]
[ECO "A15"]
[WhiteElo "2382"]
[BlackElo "2093"]
[Annotator "NA"]
[PlyCount "44"]
[EventDate "2019.08.02"]
[EventType "swiss"]
[EventCountry "SVK"]
[SourceTitle "playchess.com"]
[Source "ChessBase"]
[SourceQuality "1"]
[TimeControl "40/5400+30:1800+30"]

1. c4 Nf6 2. g3 e6 3. Bg2 d5 4. Nf3 Be7 5. d4 O-O 6. Qc2 a6 7. Nbd2 c6 8. e4 dxc4 9. e5 Nd5 10. Nxc4 b5 11. Ne3 Bb7 12. O-O Nd7 13. Nxd5 cxd5 14. Bd2 Qb6 15. Rfc1 Rfc8 16. Qd3 b4 17. Bf1 Bc6 18. a4 bxa3 19. bxa3 Bb5 20. Qb1 Bxf1 21. Kxf1 Qb5+ 22. Qxb5 axb5 1/2-1/2